MID
KANE COUNTY COUGARS @ HAGERSTOWN SUNS
09/14/2046
 
TOP OF THE 1ST
Kane County Cougars batting - Pitching for Hagerstown Suns : LHP Peni Keli'i
Pitching: LHP Peni Keli'i
Batting: RHB Ernesto Zamora 0-0: Called Strike
0-1: Swinging Strike
0-2: Strikes out swinging
Batting: RHB Paul Schreiber 0-0: Ground out U3 (Groundball, 34, EV 78.1 MPH)
Batting: RHB Chad Mendoza 0-0: Ground out 6-3 (Groundball, 6S, EV 90.0 MPH)
Top of the 1st over - 0 runs, 0 hits, 0 errors, 0 left on base; Kane County 0 - Hagerstown 0
BOTTOM OF THE 1ST
Hagerstown Suns batting - Pitching for Kane County Cougars : RHP Kevin Prior
Pitching: RHP Kevin Prior
Batting: RHB Antonio Morado 0-0: Foul Ball, location: 2F
0-1: Foul Ball, location: 2F
0-2: Ball
1-2: Ball
2-2: Strikes out looking
Batting: RHB Bobby Bricker 0-0: Called Strike
0-1: Ball
1-1: Swinging Strike
1-2: Strikes out swinging
Batting: LHB John Luke 0-0: Called Strike
0-1: Ball
1-1: DOUBLE (Flyball, 78XD, EV 98.1 MPH)
Batting: RHB Jesus Malave 0-0: Ball
1-0: Called Strike
1-1: Ball
2-1: Fly out, F8 (Flyball, 8LXD, EV 102.5 MPH)
Bottom of the 1st over - 0 runs, 1 hit, 0 errors, 1 left on base; Kane County 0 - Hagerstown 0
TOP OF THE 2ND
Kane County Cougars batting - Pitching for Hagerstown Suns : LHP Peni Keli'i
Batting: RHB Steve Machol 0-0: Ball
1-0: Ground out 6-3 (Groundball, 6S, EV 68.1 MPH)
Batting: RHB Sergio Manzanero 0-0: Ball
1-0: Ball
2-0: Called Strike
2-1: Foul Ball, location: 2F
2-2: Ball
3-2: Base on Balls
Batting: SHB Evan Armagost 0-0: Ball
1-0: Fielders Choice at 2nd, 4-6 (Groundball, 34, EV 75.0 MPH)
Batting: LHB Enrique Ponce 0-0: Ball
1-0: Ball
2-0: Ball
3-0: Base on Balls
Evan Armagost to second
Batting: LHB Jeff Harmon 0-0: Ball
1-0: Called Strike
1-1: Ball
2-1: Foul Ball, location: 2F
2-2: Ball
3-2: Base on Balls
Evan Armagost to third
Enrique Ponce to second
Batting: LHB Tae-geun Kwang 0-0: Fielders Choice at 2nd, 6-4 (Groundball, 6, EV 83.1 MPH)
Top of the 2nd over - 0 runs, 0 hits, 0 errors, 3 left on base; Kane County 0 - Hagerstown 0
BOTTOM OF THE 2ND
Hagerstown Suns batting - Pitching for Kane County Cougars : RHP Kevin Prior
Batting: RHB Steve Bauman 0-0: Ball
1-0: Foul Ball, location: 2F
1-1: Ball
2-1: Ball
3-1: Foul Ball, location: 2F
3-2: Fly out, F7 (Flyball, 78M, EV 84.4 MPH)
Batting: SHB Curtis DeLille 0-0: Called Strike
0-1: Foul Ball, location: 2F
0-2: SINGLE (Groundball, 4MS, EV 73.8 MPH) (infield hit)
Batting: RHB Derek Moran 0-0: Ball
1-0: Called Strike
1-1: Ball
2-1: Ball
3-1: SINGLE (Groundball, 6MD, EV 107.5 MPH)
Curtis DeLille to second
Batting: RHB Victor Cintron 0-0: Fielders Choice at 2nd, 6-4 (Groundball, 6, EV 81.9 MPH)
Curtis DeLille to third
Batting: RHB Travis Stanley 0-0: Ball
1-0: Ball
2-0: Fly out, F8 (Flyball, 8RD, EV 92.5 MPH)
Bottom of the 2nd over - 0 runs, 2 hits, 0 errors, 2 left on base; Kane County 0 - Hagerstown 0
TOP OF THE 3RD
Kane County Cougars batting - Pitching for Hagerstown Suns : LHP Peni Keli'i
Batting: RHB Ernesto Zamora 0-0: Ground out 4-3 (Groundball, 4, EV 86.9 MPH)
Batting: RHB Paul Schreiber 0-0: Ground out 5-3 (Groundball, 5, EV 85.0 MPH)
Batting: RHB Chad Mendoza 0-0: Ball
1-0: Swinging Strike
1-1: Ball
2-1: Ball
3-1: Base on Balls
Batting: RHB Steve Machol 0-0: Ball
1-0: Foul Ball, location: 2F
1-1: Called Strike
1-2: SINGLE (Groundball, 6S, EV 70.6 MPH) (infield hit)
Chad Mendoza to second
Batting: RHB Sergio Manzanero 0-0: Hit by Pitch
Chad Mendoza to third
Steve Machol to second
Batting: SHB Evan Armagost 0-0: Foul Ball, location: 2F
0-1: Ball
1-1: Ball
2-1: Called Strike
2-2: Strikes out swinging
Top of the 3rd over - 0 runs, 1 hit, 0 errors, 3 left on base; Kane County 0 - Hagerstown 0
BOTTOM OF THE 3RD
Hagerstown Suns batting - Pitching for Kane County Cougars : RHP Kevin Prior
Batting: RHB Antonio Morado 0-0: Ball
1-0: Called Strike
1-1: Ball
2-1: Ground out 6-3 (Groundball, 6, EV 88.8 MPH)
Batting: RHB Bobby Bricker 0-0: Ball
1-0: Ground out 6-3 (Groundball, 6, EV 103.8 MPH)
Batting: LHB John Luke 0-0: Fly out, F7 (Flyball, 7D, EV 96.2 MPH)
Bottom of the 3rd over - 0 runs, 0 hits, 0 errors, 0 left on base; Kane County 0 - Hagerstown 0
TOP OF THE 4TH
Kane County Cougars batting - Pitching for Hagerstown Suns : LHP Peni Keli'i
Batting: LHB Enrique Ponce 0-0: Ball
1-0: Called Strike
1-1: Ball
2-1: Ball
3-1: Foul Ball, location: 2F
3-2: Foul Ball, location: 2F
3-2: Foul Ball, location: 2F
3-2: Strikes out swinging
Batting: LHB Jeff Harmon 0-0: Ball
1-0: Swinging Strike
1-1: Swinging Strike
1-2: Foul Ball, location: 2F
1-2: Strikes out looking
Batting: LHB Tae-geun Kwang 0-0: Ball
1-0: SINGLE (Groundball, 34D, EV 101.9 MPH)
Batting: RHB Ernesto Zamora 0-0: Ball
1-0: Ball
2-0: Fielders Choice at 2nd, 5-4 (Groundball, 56, EV 106.9 MPH)
Top of the 4th over - 0 runs, 1 hit, 0 errors, 1 left on base; Kane County 0 - Hagerstown 0
BOTTOM OF THE 4TH
Hagerstown Suns batting - Pitching for Kane County Cougars : RHP Kevin Prior
Batting: RHB Jesus Malave 0-0: Ball
1-0: Ground out 5-3 (Groundball, 5S, EV 85.6 MPH)
Batting: RHB Steve Bauman 0-0: Called Strike
0-1: Ball
1-1: Ball
2-1: Ball
3-1: Foul Ball, location: 2F
3-2: Foul Ball, location: 2F
3-2: Strikes out swinging
Batting: SHB Curtis DeLille 0-0: Swinging Strike
0-1: Ball
1-1: Ball
2-1: Ground out 6-3 (Groundball, 6, EV 79.4 MPH)
Bottom of the 4th over - 0 runs, 0 hits, 0 errors, 0 left on base; Kane County 0 - Hagerstown 0
TOP OF THE 5TH
Kane County Cougars batting - Pitching for Hagerstown Suns : LHP Peni Keli'i
Batting: RHB Paul Schreiber 0-0: Called Strike
0-1: Ground out 5-3 (Groundball, 56, EV 106.2 MPH)
Batting: RHB Chad Mendoza 0-0: Ball
1-0: Foul Ball, location: 2F
1-1: Fly out, F2 (Popup, 2RF, EV 86.9 MPH)
Batting: RHB Steve Machol 0-0: Called Strike
0-1: Foul Ball, location: 2F
0-2: Foul Ball, location: 2F
0-2: Foul Ball, location: 2F
0-2: Ball
1-2: Ball
2-2: Strikes out swinging
Top of the 5th over - 0 runs, 0 hits, 0 errors, 0 left on base; Kane County 0 - Hagerstown 0
BOTTOM OF THE 5TH
Hagerstown Suns batting - Pitching for Kane County Cougars : RHP Kevin Prior
Batting: RHB Derek Moran 0-0: Ball
1-0: Ground out 2-3 (Groundball, 15S, EV 66.9 MPH)
Batting: RHB Victor Cintron 0-0: Ball
1-0: Ball
2-0: Swinging Strike
2-1: Ball
3-1: Foul Ball, location: 2F
3-2: Ground out 5-3 (Groundball, 5, EV 104.4 MPH)
Batting: RHB Travis Stanley 0-0: Ball
1-0: Ground out U3 (Groundball, 34, EV 102.5 MPH)
Bottom of the 5th over - 0 runs, 0 hits, 0 errors, 0 left on base; Kane County 0 - Hagerstown 0
TOP OF THE 6TH
Kane County Cougars batting - Pitching for Hagerstown Suns : LHP Peni Keli'i
Batting: RHB Sergio Manzanero 0-0: Ball
1-0: Foul Ball, location: 2F
1-1: Ball
2-1: Foul Ball, location: 2F
2-2: Foul Ball, location: 2F
2-2: Strikes out swinging
Batting: SHB Evan Armagost 0-0: Ball
1-0: Ball
2-0: Ball
3-0: Called Strike
3-1: Base on Balls
Batting: LHB Enrique Ponce 0-0: Ball
1-0: Swinging Strike
1-1: Swinging Strike
1-2: Foul Ball, location: 2F
1-2: Ball
Wild Pitch!
Evan Armagost to second
2-2: Ball
3-2: Foul Ball, location: 2F
3-2: Ground out 4-3 (Groundball, 4, EV 105.6 MPH)
Evan Armagost to third
Pitching: RHP Brent Wainwright
Batting: LHB Jeff Harmon 0-0: Ball
1-0: Ball
2-0: Ball
3-0: Called Strike
3-1: Called Strike
3-2: Foul Ball, location: 2F
3-2: Strikes out swinging
Top of the 6th over - 0 runs, 0 hits, 0 errors, 1 left on base; Kane County 0 - Hagerstown 0
BOTTOM OF THE 6TH
Hagerstown Suns batting - Pitching for Kane County Cougars : RHP Kevin Prior
Batting: RHB Antonio Morado 0-0: Swinging Strike
0-1: Foul Ball, location: 2F
0-2: Ground out U3 (Groundball, 3L, EV 83.1 MPH)
Batting: RHB Bobby Bricker 0-0: Called Strike
0-1: Ball
1-1: DOUBLE (Line Drive, 9LS, EV 111.2 MPH)
Batting: LHB John Luke 0-0: Intentional Walk
Batting: RHB Jesus Malave 0-0: Ball
1-0: Ball
2-0: Called Strike
2-1: Foul Ball, location: 2F
2-2: Ball
3-2: Foul Ball, location: 2F
3-2: Fly out, F8 (Flyball, 8RM, EV 84.4 MPH)
Batting: RHB Steve Bauman 0-0: SINGLE (Groundball, 4, EV 94.4 MPH)
Bobby Bricker to third
John Luke to second
Runner from 3rd tries for Home, SAFE, throw by CF to home
Pitching: RHP John Petersen
Batting: SHB Curtis DeLille 0-0: Ball
1-0: Called Strike
1-1: Foul Ball, location: 2F
1-2: Ball
2-2: Ball
3-2: Foul Ball, location: 2F
3-2: Foul Ball, location: 2F
3-2: Foul Ball, location: 2F
3-2: Base on Balls
John Luke to third
Steve Bauman to second
Batting: RHB Derek Moran 0-0: Called Strike
0-1: Ball
1-1: Called Strike
1-2: Ball
2-2: Strikes out looking
Bottom of the 6th over - 1 run, 2 hits, 0 errors, 3 left on base; Kane County 0 - Hagerstown 1
TOP OF THE 7TH
Kane County Cougars batting - Pitching for Hagerstown Suns : RHP Brent Wainwright
Batting: LHB Tae-geun Kwang 0-0: Ball
1-0: Ground out 6-3 (Groundball, 4MD, EV 96.2 MPH)
Batting: RHB Ernesto Zamora 0-0: Called Strike
0-1: Called Strike
0-2: Strikes out swinging
Batting: RHB Paul Schreiber 0-0: Ground out 3-1 (Groundball, 34S, EV 83.8 MPH)
Top of the 7th over - 0 runs, 0 hits, 0 errors, 0 left on base; Kane County 0 - Hagerstown 1
BOTTOM OF THE 7TH
Hagerstown Suns batting - Pitching for Kane County Cougars : RHP John Petersen
Pitching: RHP Dan Thompson
Batting: RHB Victor Cintron 0-0: Ball
1-0: Foul Ball, location: 2F
1-1: Ball
2-1: Foul Ball, location: 2F
2-2: Ball
3-2: Base on Balls
Batting: RHB Travis Stanley 0-0: Ball
1-0: Called Strike
Balk!
Victor Cintron to second
1-1: Swinging Strike
1-2: Foul Ball, location: 2F
1-2: Ball
2-2: Strikes out swinging
Batting: RHB Antonio Morado 0-0: Ball
1-0: Ball
2-0: Called Strike
2-1: Ball
3-1: Foul Ball, location: 2F
3-2: Base on Balls
Batting: RHB Bobby Bricker 0-0: Called Strike
0-1: Ball
1-1: Swinging Strike
1-2: Ball
2-2: Fielders Choice at 2nd, 4-6 (Groundball, 4, EV 88.1 MPH)
Victor Cintron to third
Batting: LHB John Luke 0-0: Ball
1-0: Fly out, F8 (Line Drive, 8LM, EV 100.0 MPH)
Bottom of the 7th over - 0 runs, 0 hits, 0 errors, 2 left on base; Kane County 0 - Hagerstown 1
TOP OF THE 8TH
Kane County Cougars batting - Pitching for Hagerstown Suns : RHP Brent Wainwright
Pitching: RHP Caleb Westbay
Batting: RHB Chad Mendoza 0-0: Swinging Strike
0-1: Ground out 6-3 (Groundball, 56S, EV 91.9 MPH)
Batting: RHB Steve Machol 0-0: Ground out U3 (Groundball, 3, EV 86.2 MPH)
Batting: RHB Sergio Manzanero 0-0: Called Strike
0-1: Ball
1-1: Foul Ball, location: 2F
1-2: Strikes out looking
Top of the 8th over - 0 runs, 0 hits, 0 errors, 0 left on base; Kane County 0 - Hagerstown 1
BOTTOM OF THE 8TH
Hagerstown Suns batting - Pitching for Kane County Cougars : RHP Dan Thompson
Pitching: LHP Heath Henderson
Batting: RHB Jesus Malave 0-0: Ground out 5-3 (Groundball, 56S, EV 84.4 MPH)
Batting: RHB Steve Bauman 0-0: Ball
1-0: Called Strike
1-1: Fly out, F8 (Flyball, 8LD, EV 78.8 MPH)
Batting: SHB Curtis DeLille 0-0: Called Strike
0-1: Ball
1-1: Reached on error, E4 (Groundball, 4M, EV 85.0 MPH)
Batting: RHB Derek Moran 0-0: SINGLE (Groundball, 56D, EV 100.6 MPH)
Curtis DeLille to second
Batting: RHB Victor Cintron 0-0: Called Strike
0-1: Ball
1-1: Foul Ball, location: 2F
1-2: Ground out U3 (Groundball, 3, EV 105.0 MPH)
Bottom of the 8th over - 0 runs, 1 hit, 1 error, 2 left on base; Kane County 0 - Hagerstown 1
TOP OF THE 9TH
Kane County Cougars batting - Pitching for Hagerstown Suns : RHP Caleb Westbay
Pitching: RHP Gareth Cutts
Batting: SHB Evan Armagost 0-0: Called Strike
0-1: Ground out U3 (Groundball, 3, EV 102.5 MPH)
Batting: LHB Enrique Ponce 0-0: DOUBLE (Line Drive, 5D, EV 103.8 MPH)
Batting: LHB Jeff Harmon 0-0: Called Strike
0-1: Ball
1-1: Foul Ball, location: 2F
1-2: Strikes out swinging
Batting: LHB Tae-geun Kwang 0-0: Ball
1-0: Ball
2-0: Foul Ball, location: 2F
2-1: Ball
3-1: Foul Ball, location: 2F
3-2: Ground out 4-3 (Groundball, 34, EV 110.0 MPH)
Top of the 9th over - 0 runs, 1 hit, 0 errors, 1 left on base; Kane County 0 - Hagerstown 1
Tuesday, September 13th , 2022 - OOTP Baseball 23.7 Build 88